AoeStats
← hoppe.marc

Highland

505513374Analyzed
4v4 RM · 23d ago on Sep 9, 2026· 85m 44s· 8 players
Game mode
Random Map
Map size
Large (8 player)
Population
200
Speed
Normal
Resources
Standard
Victory
Conquest
Starting age
Dark Age
Ending age
Imperial Age
RankedLock teamsTeams togetherTeam positionsShared explorationLock speedFull tech treeHidden civsTurbo modeCheats
Victory
Defeat
🇳🇿 Spanish · New Zealand
889
+14
🇬🇧 Britons · United Kingdom
840
+16
🇸🇪 Lithuanians · Sweden
813
+17
🇬🇧 Ethiopians · United Kingdom
792
+18
🇫🇷 Britons · France
973
-71
🇫🇷 Japanese · France
810
-23
🇫🇷 Aztecs · France
808
-21
🇫🇷 Vietnamese · France
739
-12
Dragma
13:38 Feudal Age
14:19 Double-Bit Axe
14:18 Horse Collar
16:56 Wheelbarrow
16:31 Arson
18:35 Loom
21:57 Castle Age
21:27 Bloodlines
26:17 Husbandry
26:58 Caravan
29:04 Elite Skirmisher
29:57 Thumb Ring
29:56 Gambesons
30:11 Squires
31:03 Fletching
31:57 Man-at-Arms
33:14 Heavy Plow
33:27 Bodkin Arrow
33:33 Padded Archer Armor
35:40 Hand Cart
36:54 Leather Archer Armor
36:51 Forging
36:43 Scale Mail Armor
38:43 Fishing Lines
41:56 Imperial Age
39:13 Town Watch
41:29 Town Patrol
42:51 Chain Mail Armor
43:12 Iron Casting
46:07 Gillnets
46:42 Imperial Skirmisher
47:02 Onager
48:18 Kataparuto
48:55 Conscription
47:56 Elite Samurai
54:39 Scale Barding Armor
55:07 Plate Mail Armor
55:37 Blast Furnace
56:14 Pikeman
59:55 Bracer
60:25 Ring Archer Armor
59:21 Heavy Cavalry Archer
60:26 Parthian Tactics
60:39 Halberdier
72:04 Gold Mining
85:13 Yasama
Tibou
7:27 Loom
11:27 Feudal Age
13:27 Double-Bit Axe
13:27 Horse Collar
17:16 Castle Age
16:52 Bloodlines
16:52 Scale Barding Armor
18:35 Bow Saw
18:29 Heavy Plow
24:34 Wheelbarrow
25:06 Stone Mining
25:07 Gold Mining
26:11 Hand Cart
26:43 Caravan
29:39 Fletching
29:51 Padded Archer Armor
29:13 Elite Skirmisher
29:29 Pikeman
31:42 Ballistics
31:19 Bodkin Arrow
31:40 Leather Archer Armor
34:15 Imperial Age
31:59 Town Watch
35:57 Squires
35:18 Halberdier
36:08 Thumb Ring
35:29 Imperial Skirmisher
35:38 Elite Battle Elephant
37:25 Chemistry
37:30 Chatras
37:58 Paper Money
38:54 Crop Rotation
39:28 Two-Man Saw
39:07 Stone Shaft Mining
38:34 Bracer
39:05 Ring Archer Armor
38:46 Forging
38:57 Chain Barding Armor
38:42 Husbandry
43:29 Plate Barding Armor
43:30 Iron Casting
42:53 Murder Holes
43:10 Fortified Wall
43:07 Siege Engineers
44:59 Elite Rattan Archer
54:53 Scale Mail Armor
59:38 Chain Mail Armor
62:28 Plate Mail Armor
hoppe.marc
7:42 Loom
11:40 Feudal Age
12:21 Double-Bit Axe
18:36 Castle Age
20:11 Bow Saw
23:14 Elite Skirmisher
25:24 Fervor
25:49 Stone Mining
29:01 Fletching
29:15 Horse Collar
30:15 Gold Mining
31:05 Stone Shaft Mining
32:43 Forging
32:29 Bodkin Arrow
33:00 Ballistics
32:21 Treadmill Crane
34:18 Heavy Plow
37:07 Atlatl
37:49 Iron Casting
38:51 Wheelbarrow
40:05 Scale Mail Armor
40:05 Padded Archer Armor
43:57 Imperial Age
44:30 Elite Jaguar Warrior
45:27 Bracer
48:23 Blast Furnace
47:39 Chain Mail Armor
47:40 Leather Archer Armor
47:53 Garland Wars
47:54 Conscription
48:24 Imperial Skirmisher
58:57 Eagle Warrior
60:12 Plate Mail Armor
59:50 Devotion
60:13 Hand Cart
60:58 Gold Shaft Mining
59:50 Elite Eagle Warrior
60:28 Gambesons
60:44 Squires
60:29 Arson
60:38 Gambesons
60:53 Squires
60:39 Arson
75:33 Caravan
76:04 Coinage
77:14 Pikeman
81:29 Crop Rotation
Emi578
15:35 Feudal Age
15:59 Man-at-Arms
18:19 Gold Mining
18:16 Double-Bit Axe
20:00 Forging
21:02 Horse Collar
23:03 Padded Archer Armor
24:43 Scale Mail Armor
26:19 Wheelbarrow
25:39 Fletching
30:28 Castle Age
31:33 Bodkin Arrow
32:15 Iron Casting
31:47 Stone Mining
32:13 Bow Saw
33:59 Leather Archer Armor
35:08 Hand Cart
36:10 Heavy Plow
35:44 Crossbowman
36:51 Pikeman
39:05 Elite Skirmisher
39:09 Long Swordsman
39:43 Arson
39:58 Squires
41:16 Chain Mail Armor
51:00 Murder Holes
50:57 Heated Shot
50:59 Guard Tower
51:22 Fortified Wall
62:57 Medium Warships
63:45 Light Cavalry
TornBee2533810
2:47 Loom
13:51 Feudal Age
21:13 Castle Age
25:21 Thumb Ring
27:08 Double-Bit Axe
28:21 Horse Collar
30:20 Wheelbarrow
32:26 Hand Cart
36:49 Imperial Age
34:28 Gold Mining
36:41 Fletching
36:53 Padded Archer Armor
37:00 Scale Barding Armor
38:06 Crossbowman
40:11 Bow Saw
41:34 Caravan
42:40 Two-Man Saw
43:28 Chemistry
42:49 Ballistics
42:39 Heavy Plow
42:50 Halberdier
43:50 Stone Mining
44:36 Gold Shaft Mining
44:49 Arbalester
47:10 Heavy Scorpion
50:44 Torsion Engines
51:01 Scale Mail Armor
51:12 Forging
50:58 Bodkin Arrow
54:04 Onager
54:58 Husbandry
54:20 Cavalier
60:08 Elite Shotel Warrior
66:11 Iron Casting
65:52 Chain Mail Armor
65:57 Chain Barding Armor
65:38 Bracer
65:54 Leather Archer Armor
65:58 Siege Onager
CubanRuben42
0:30 Loom
10:35 Feudal Age
19:11 Fletching
19:22 Padded Archer Armor
26:18 Castle Age
25:32 Forging
25:28 Scale Barding Armor
25:13 Double-Bit Axe
25:11 Horse Collar
25:26 Gold Mining
25:33 Stone Mining
27:18 Bloodlines
27:09 Husbandry
38:48 Imperial Age
37:54 Heavy Plow
38:07 Bow Saw
41:15 Cavalier
42:38 Iron Casting
42:24 Chain Barding Armor
43:08 Chemistry
46:34 Ballistics
46:10 Murder Holes
45:46 Paladin
46:18 Paladin
50:46 Plate Barding Armor
50:12 Scale Mail Armor
52:49 Squires
52:35 Arson
52:11 Pikeman
56:36 Bombard Tower
57:15 Halberdier
60:14 Chain Mail Armor
62:50 Bodkin Arrow
63:11 Leather Archer Armor
63:45 Hill Forts
66:12 Thumb Ring
66:22 Elite Leitis
69:23 Caravan
69:54 Coinage
69:34 Guilds
71:13 Two-Man Saw
72:56 Light Cavalry
82:46 Banking
JoshNelson4
3:25 Loom
13:32 Feudal Age
23:00 Castle Age
24:26 Double-Bit Axe
28:49 Horse Collar
32:19 Squires
37:45 Wheelbarrow
37:59 Heavy Plow
40:50 Imperial Age
41:03 Gold Mining
41:04 Stone Mining
41:39 Hand Cart
41:58 Husbandry
42:08 Bloodlines
44:03 Elite Conquistador
53:39 Fletching
53:50 Padded Archer Armor
54:05 Thumb Ring
54:58 Caravan
55:13 Bodkin Arrow
55:34 Leather Archer Armor
59:01 Bracer
59:32 Ring Archer Armor
63:26 Chemistry
62:47 Ballistics
65:58 Forging
65:54 Scale Barding Armor
66:32 Cavalier
68:38 Paladin
70:26 Iron Casting
70:12 Chain Barding Armor
72:35 Guilds
74:40 Plate Barding Armor
75:06 Blast Furnace
74:48 Coinage
81:09 Banking
R Costello
0:30 Loom
9:57 Feudal Age
16:06 Double-Bit Axe
20:42 Castle Age
19:44 Fletching
21:11 Gold Mining
21:18 Horse Collar
23:29 Stone Mining
25:26 Crossbowman
27:11 Scale Barding Armor
28:32 Padded Archer Armor
28:43 Forging
32:29 Wheelbarrow
35:00 Imperial Age
33:08 Bow Saw
34:30 Bodkin Arrow
34:43 Heavy Plow
36:52 Conscription
37:34 Husbandry
37:40 Bracer
39:31 Hand Cart
41:41 Leather Archer Armor
42:03 Iron Casting
43:18 Two-Man Saw
43:07 Yeomen
43:46 Chain Barding Armor
44:38 Ballistics
45:28 Chemistry
44:23 Light Cavalry
46:31 Plate Barding Armor
47:44 Blast Furnace
49:51 Masonry
51:49 Murder Holes
52:33 Gold Shaft Mining
55:50 Cavalier
60:41 Elite Skirmisher
61:56 Ring Archer Armor
71:34 Arbalester
Connection lost

Rejoining the realm…

Still unreachable

The connection could not be restored.

Session expired

The server has moved on; the page needs a fresh start.